 Dungeon Crawl Stone Soup version 0.31-a0-229-g1fc7ce93e2 (webtiles) character file.

Game seed: 7536710153449744980

5 coffeetime the Firebug (level 1, -3/15 HPs)
             Began as a Draconian Fire Elementalist on July 7, 2023.
             Slain by a kobold
             ... wielding a +0 short sword of holy wrath
              (4 damage)
             ... on level 1 of the Dungeon.
             The game lasted 00:01:48 (143 turns).

coffeetime the Firebug (Draconian Fire Elementalist) Turns: 143, Time: 00:01:49

Health: -3/15      AC:  4    Str: 10    XL:     1   Next: 66%
Magic:  1/3        EV: 12    Int: 15    God:
Gold:   6          SH:  0    Dex: 11    Spells: 3/4 levels left

rFire   . . .        (no weapon)
rCold   . . .        (no shield)
rNeg    . . .        (body armour unavailable)
rPois   .            (helmet restricted)
rElec   .            (no cloak)
rCorr   .            (no gloves)
SInv    .            (no boots)
Will    .....        b - amulet of the acrobat
Stlth   ++           (no ring)
HPRegen 0.22/turn    (no ring)
MPRegen 0.08/turn

%: acrobat
@: no status effects
A: AC +4, unfitting armour, cold-blooded
a: no special abilities


You were on level 1 of the Dungeon.
You visited 1 branch of the dungeon, and saw 1 of its levels.

You collected 6 gold pieces.

Inventory:

Jewellery
 b - an amulet of the acrobat (around neck)
Potions
 a - a potion of magic


   Skills:
 * Level 0.3 Fighting
 + Level 1.8 Dodging
 + Level 1.8 Stealth
 + Level 2.1 Spellcasting
 - Level 1.0 Conjurations
 + Level 3.1 Fire Magic


You had 3 spell levels left.
You knew the following spells:

 Your Spells              Type           Power      Damage    Failure   Level
a - Foxfire               Conj/Fire      28%        2x1d5     10%         1

Your spell library contained the following spells:

 Spells                   Type           Power      Damage    Failure   Level
 Scorch                   Fire           22%        2d5       9%          2
 Inner Flame              Hex/Fire       6%         N/A       34%         3
 Volatile Blastmotes      Fire/Tloc      12%        2d11      34%         3
 Flame Wave               Conj/Fire      7%         2d5       67%         4


Dungeon Overview and Level Annotations

Branches:
Dungeon (1/15)

Altars:


Innate Abilities, Weirdness & Mutations

Your plain brown scales are hard. (AC +4)
You cannot fit into any form of body armour.
You are cold-blooded and may be slowed by cold attacks.


Message History

The jackal completely misses you. The jackal misses you.
The kobold barely misses you. The kobold attacks as you move away!
The kobold completely misses you.
The jackal bites you but does no damage.
The quokka misses you. x2; The jackal misses you.
You completely miss the rat. The jackal bites you.
The quokka bites you but does no damage.
The rat misses you. The kobold closely misses you.
You closely miss the rat. The jackal closely misses you.
The quokka closely misses you. The rat closely misses you.
The kobold barely misses you.
You closely miss the rat. The jackal barely misses you.
The quokka bites you but does no damage.
The jackal bites you but does no damage.
The rat closely misses you. The kobold closely misses you.
You closely miss the rat.
Your tail-slap misses the rat.
The quokka closely misses you. The jackal misses you.
The kobold closely misses you. The rat barely misses you.
You hit the rat but do no damage.
Your tail-slap misses the rat.
The jackal closely misses you. The quokka misses you. The rat bites you.
* * * LOW HITPOINT WARNING * * *
The jackal bites you but does no damage.
The quokka closely misses you.
The kobold hits you with a +0 short sword of holy wrath.
* * * LOW HITPOINT WARNING * * *
Unknown command.
You hit the rat but do no damage.
Your tail-slap misses the rat.
The jackal bites you but does no damage.
The quokka bites you but does no damage.
The rat bites you but does no damage. The kobold misses you.
You hit the rat.
The rat is heavily wounded.
The jackal misses you. The quokka barely misses you. The rat barely misses you.
The kobold closely misses you.
You completely miss the rat.
Your tail-slap misses the rat.
The rat is heavily wounded.
The jackal barely misses you. The quokka closely misses you.
The jackal barely misses you. The rat bites you but does no damage.
The kobold hits you with a +0 short sword of holy wrath.
You die...

......................
......#.†............
......#..............
......#..........########
#####.#.................#
..#..................
###'##..............#
...###...#.....hrr......#
.......<.#.....K@####....
...###...#...##### ### #
#########


You could see a quokka, a jackal, a kobold and a rat.

Vanquished Creatures
  3 jackals (D:1)
  A kobold (D:1)
  A rat (D:1)
5 creatures vanquished.

Vanquished Creatures (others)
  22 foxfires (D:1)
22 creatures vanquished.

Grand Total: 27 creatures vanquished

Notes
Turn   | Place    | Note
-------+----------+-------------------------------------------
     0 | D:1      | coffeetime the Draconian Fire Elementalist began the quest
                  | for the Orb.
     0 | D:1      | Reached XP level 1. HP: 14/14 MP: 3/3
   143 | D:1      | Slain by a kobold

Illustrated notes

Levels and vault maps discovered:
D:1:      minmay_arrival_nine_rooms, layout_basic, serial_shops, shop,
          serial_forest, infiniplex_forest_end_2, infiniplex_forest_end_1,
          infiniplex_forest_end_1, infiniplex_forest_straight_4,
          infiniplex_forest_lined_ring, infiniplex_forest_lined_3,
          infiniplex_forest_straight_4, infiniplex_forest_corner_2,
          infiniplex_forest_end_3, chequers_garden

Action                     || total
---------------------------++-------
  Melee: Unarmed           ||     8
   Cast: Foxfire           ||    11
 Armour: Skin              ||    24
  Dodge: Dodged            ||   121

Table legend: (Time is in decaauts)
 A = Elapsed time spent in this place.
 B = Non-inter-level travel time spent in this place.
 C = Inter-level travel time spent in this place.
 D = Time resting spent in this place.
 E = Time spent auto-exploring this place.
 F = Levels seen in this place.
 G = Mean time per level.
                   A        B        C        D        E       F      G
               +--------+--------+--------+--------+--------+-----+--------+
         Total |    143 |    143 |      0 |      9 |     23 |   1 |  143.0 |
       Dungeon |    143 |    143 |      0 |      9 |     23 |   1 |  143.0 |
               +--------+--------+--------+--------+--------+-----+--------+

Top non-repeatable levels by time:
     D:1: 143 daAuts
